 Dungeon Crawl Stone Soup version 0.21.0-25-ge575cb9 (webtiles) character file.

164 troglodite the Charmwright (level 5, -4/43 HPs)
             Began as a Gnoll Skald on Jan 24, 2018.
             Killed by divine providence
             ... invoked by an orc priest
              (10 damage)
             ... on level 3 of the Dungeon.
             The game lasted 00:06:39 (2568 turns).

troglodite the Charmwright (Gnoll Skald)            Turns: 2568, Time: 00:06:40

Health: -4/43      AC:  6    Str: 15    XL:     5   Next: 45%
Magic:  11/12      EV: 11    Int: 15    God:
Gold:   74         SH:  0    Dex: 14    Spells: 7/14 levels left

rFire    . . .     SeeInvis .   a - +0 falchion
rCold    . . .     Gourm    .   (no shield)
rNeg     . . .     Faith    .   e - +0 scale mail
rPois    .         Spirit   .   (no helmet)
rElec    .         Reflect  .   (no cloak)
rCorr    .         Harm     .   (no gloves)
MR       .....                  (no boots)
Stlth    ..........             (no amulet)
HPRegen  0.14/turn              (no ring)
MPRegen  0.13/turn              (no ring)

@: no status effects
A: distributed training, fangs 1, strong nose
a: no special abilities


You were on level 3 of the Dungeon.
You were hungry.

You visited 1 branch of the dungeon, and saw 3 of its levels.

You collected 74 gold pieces.

Inventory:

Hand Weapons
 a - a +0 falchion (weapon)
Armour
 e - a +0 scale mail (worn)
Wands
 n - a wand of paralysis (14)
Scrolls
 b - a scroll of enchant armour {unknown}
 g - a scroll of remove curse {unknown}
 i - 2 scrolls of teleportation {unknown}
 l - 2 scrolls of identify {unknown}
Potions
 f - a potion of lignification {unknown}
 h - 6 potions of curing {unknown}
 j - 2 potions of heal wounds {unknown}
 k - a potion of haste {unknown}
 m - a potion of degeneration {unknown}
 p - a potion of berserk rage {unknown}
Books
 c - a book of Battle

   Spells                             Type                      Level
   a - Infusion                       Charms                       1
   b - Shroud of Golubria             Charms/Translocation         2
   c - Song of Slaying                Charms                       2
   d - Spectral Weapon                Hexes/Charms                 3
   e - Regeneration                   Charms/Necromancy            3
Comestibles
 d - 4 rations
 o - 3 chunks of flesh


   Skills:
 + Level 4.8 Fighting
 + Level 1.4 Short Blades
 + Level 4.8 Long Blades
 + Level 1.4 Axes
 + Level 1.4 Maces & Flails
 + Level 1.4 Polearms
 + Level 1.4 Staves
 + Level 1.4 Slings
 + Level 1.4 Bows
 + Level 1.4 Crossbows
 + Level 1.4 Throwing
 + Level 3.0 Armour
 + Level 4.8 Dodging
 + Level 1.4 Stealth
 + Level 1.4 Shields
 + Level 1.4 Unarmed Combat
 + Level 5.2 Spellcasting
 + Level 1.1 Conjurations
 + Level 1.1 Hexes
 + Level 5.5 Charms
 + Level 1.1 Summonings
 + Level 1.1 Necromancy
 + Level 1.1 Translocations
 + Level 1.1 Transmutations
 + Level 1.1 Fire Magic
 + Level 1.1 Ice Magic
 + Level 1.1 Air Magic
 + Level 1.1 Earth Magic
 + Level 1.1 Poison Magic
 + Level 1.6 Invocations
 + Level 1.4 Evocations


You had 7 spell levels left.
You knew the following spells:

 Your Spells              Type           Power        Failure   Level  Hunger
a - Infusion              Chrm           ###.         6%          1    None
b - Spectral Weapon       Hex/Chrm       ##......     41%         3    ###....
c - Regeneration          Chrm/Necr      ##........   41%         3    ###....


Dungeon Overview and Level Annotations

Branches:
Dungeon (3/15)

Altars:
Fedhas
Vehumet


Innate Abilities, Weirdness & Mutations

Your experience applies equally to all skills.
You have very sharp teeth.
Your uncanny sense of smell can sniff out nearby items.


Message History

The orc priest mumbles some strange prayers to Beogh against you.
Pain shoots through your body!
Unknown command.
You are too injured to fight recklessly!
Unknown command.
You are too injured to fight recklessly!
Unknown command.
You are too injured to fight recklessly!
Unknown command.
The orc priest looks encouraged for a moment.
An orc comes into view. It is wielding a mace.
The orc priest invokes the aid of Beogh against you.
Beogh smites you!
* * * LOW HITPOINT WARNING * * *
The orc shouts!
There is a stone staircase leading up here.
The orc closely misses you. x2
The orc priest calls down the wrath of Beogh upon you.
Beogh smites you!
You die...

.#.# #........ .....
.#.# #...##### ....
.#.# #...# ... ...#
##...###### .. .###
#.........# .# # .#
#....#.##.# ##.#.#.#.
.#
#.#....##.###).......
##
#.........oo.o.....##
#...#..#@o###...####
##......#o.# #..##
...........# #.##
####..####.## #.#
#..####.# .".
#....รทรท.# ...
###.###### #.#
#.....# #.....#


You could see an orc priest and 4 orcs.

Vanquished Creatures
  An orc wizard (D:3)
  Natasha (D:3)
  3 adders (D:2)
  3 dart slugs
  A worm (D:2)
  2 leopard geckos
  5 orcs (D:3)
  7 bats
  6 giant cockroaches
  11 goblins
  7 hobgoblins
  4 jackals (D:2)
  A quokka (D:3)
  A ball python (D:1)
  2 frilled lizards (D:1)
  7 kobolds
  5 rats
67 creatures vanquished.

Vanquished Creatures (others)
  A spectral weapon (D:3)
1 creature vanquished.

Grand Total: 68 creatures vanquished

Notes
Turn   | Place    | Note
-------+----------+-------------------------------------------
     0 | D:1      | troglodite the Gnoll Skald began the quest for the Orb.
     0 | D:1      | Reached XP level 1. HP: 20/20 MP: 6/6
   311 | D:1      | Reached XP level 2. HP: 23/26 MP: 7/7
  1054 | D:2      | Reached XP level 3. HP: 29/31 MP: 9/9
  1074 | D:2      | Reached skill level 5 in Spellcasting
  1260 | D:2      | Learned a level 3 spell: Spectral Weapon
  1313 | D:2      | Reached skill level 1 in Invocations
  1352 | D:2      | Learned a level 3 spell: Regeneration
  1362 | D:2      | Reached skill level 1 in Short Blades
  1362 | D:2      | Reached skill level 1 in Axes
  1362 | D:2      | Reached skill level 1 in Maces & Flails
  1362 | D:2      | Reached skill level 1 in Polearms
  1362 | D:2      | Reached skill level 1 in Staves
  1362 | D:2      | Reached skill level 1 in Slings
  1362 | D:2      | Reached skill level 1 in Bows
  1362 | D:2      | Reached skill level 1 in Crossbows
  1362 | D:2      | Reached skill level 1 in Throwing
  1362 | D:2      | Reached skill level 1 in Stealth
  1362 | D:2      | Reached skill level 1 in Shields
  1362 | D:2      | Reached skill level 1 in Unarmed Combat
  1362 | D:2      | Reached skill level 1 in Evocations
  1377 | D:2      | Found a radiant altar of Vehumet.
  1473 | D:2      | Reached XP level 4. HP: 29/38 MP: 11/11
  2229 | D:3      | Found a blossoming altar of Fedhas.
  2267 | D:3      | Reached skill level 1 in Conjurations
  2267 | D:3      | Reached skill level 1 in Hexes
  2267 | D:3      | Reached skill level 1 in Summonings
  2267 | D:3      | Reached skill level 1 in Necromancy
  2267 | D:3      | Reached skill level 1 in Translocations
  2267 | D:3      | Reached skill level 1 in Transmutations
  2267 | D:3      | Reached skill level 1 in Fire Magic
  2267 | D:3      | Reached skill level 1 in Ice Magic
  2267 | D:3      | Reached skill level 1 in Air Magic
  2267 | D:3      | Reached skill level 1 in Earth Magic
  2267 | D:3      | Reached skill level 1 in Poison Magic
  2270 | D:3      | Reached XP level 5. HP: 30/43 MP: 2/12
  2476 | D:3      | Noticed Natasha
  2484 | D:3      | Killed Natasha
  2568 | D:3      | Killed from afar by an orc priest

Skill      XL: |  1  2  3  4  5 |
---------------+----------------+-----
Spellcasting   | 5 |  5.2
Invocations    | 1 |  1.6
Short Blades   | 1 |  1.4
Axes           | 1 |  1.4
Maces & Flails | 1 |  1.4
Polearms       | 1 |  1.4
Staves         | 1 |  1.4
Slings         | 1 |  1.4
Bows           | 1 |  1.4
Crossbows      | 1 |  1.4
Throwing       | 1 |  1.4
Stealth        | 1 |  1.4
Shields        | 1 |  1.4
Unarmed Combat | 1 |  1.4
Evocations     | 1 |  1.4
Conjurations   | 1 |  1.1
Hexes          | 1 |  1.1
Summonings     | 1 |  1.1
Necromancy     | 1 |  1.1
Translocations | 1 |  1.1
Transmutations | 1 |  1.1
Fire Magic     | 1 |  1.1
Ice Magic      | 1 |  1.1
Air Magic      | 1 |  1.1
Earth Magic    | 1 |  1.1
Poison Magic   | 1 |  1.1
Armour         | 3 |  3.0
Fighting       | |  4.8
Long Blades    | |  4.8
Dodging        | |  4.8
Charms         | |  5.5

Action                   |  1- 3 |  4- 6 || total
-------------------------+-------+-------++-------
Melee: Falchion          |   104 |    96 ||   200
       Bite              |    15 |    13 ||    28
       Punch             |       |     2 ||     2
 Cast: Spectral Weapon   |       |     2 ||     2
  Eat: Chunk             |     2 |     3 ||     5
Armor: Scale mail        |    41 |    54 ||    95
Dodge: Dodged            |    64 |    78 ||   142
       Rpst.: Falchion   |    19 |    24 ||    43
